 Dungeon Crawl Stone Soup version 0.31-a0-507-gbafd7f5274 (webtiles) character file.

Game seed: 1939062972875525128

310 CraigForest the Slasher (level 6, -1/53 HPs)
             Began as a Minotaur Monk on Aug 9, 2023.
             Succumbed to an ogre zombie's poison
             ... on level 4 of the Dungeon.
             The game lasted 00:12:22 (3291 turns).

CraigForest the Slasher (Minotaur Monk)             Turns: 3291, Time: 00:12:22

Health: -1/53      AC:  9    Str: 15    XL:     6   Next: 18%
Magic:  5/5        EV:  8    Int:  7    God:
Gold:   299        SH:  0    Dex: 15    Spells: 5/5 levels left

rFire   . . .        a - +0 falchion
rCold   . . .        d - orb {light}
rNeg    . . .        r - +0 chain mail
rPois   .            (helmet restricted)
rElec   .            (no cloak)
rCorr   .            (no gloves)
SInv    .            (no boots)
Will    .....        (no amulet) Stlth
                     (no ring)
HPRegen 0.28/turn    (no ring)
MPRegen 0.09/turn

%: no passive effects
@: lethally poisoned (-1 -> -42), glowing
A: horns 2, retaliatory headbutt
a: no special abilities


You were on level 4 of the Dungeon.
You visited 1 branch of the dungeon, and saw 4 of its levels.

You collected 299 gold pieces.

Inventory:

Hand Weapons
 a - a +0 falchion (weapon)
 j - a +0 arbalest
 u - a +0 sling
 w - a +2 dagger of protection
Missiles
 g - 3 boomerangs
 l - 12 poisoned darts
 x - 4 javelins
 D - 2 datura-tipped darts
Armour
 b - a +0 robe
 d - an orb of light (worn)
 f - a +0 leather armour
 k - a +0 ring mail
 r - a +0 chain mail (worn)
 G - a +2 leather armour of cold resistance
Wands
 t - a wand of flame (16) (quivered)
Scrolls
 e - a scroll of torment {unknown}
 h - 3 scrolls of poison
 i - a scroll of teleportation
 m - a scroll of identify {unknown}
 p - a scroll of fog {unknown}
 s - a scroll of noise {unknown}
 y - a scroll of acquirement {unknown}
 A - a scroll of enchant armour {unknown}
 B - a scroll of revelation {unknown}
 C - a scroll of blinking
 F - a scroll of vulnerability {unknown}
Potions
 c - 3 potions of ambrosia
 n - a potion of heal wounds {unknown}
 o - 2 potions of haste {unknown}
 q - a potion of might {unknown}
 v - a potion of attraction {unknown}
 z - 2 potions of curing {unknown}
 E - a potion of mutation {unknown}
 H - 2 potions of resistance


   Skills:
 + Level 4.7 Fighting
 + Level 6.2 Long Blades
 + Level 2.8 Armour
 + Level 4.4 Dodging
 + Level 0.1 Stealth
 + Level 0.1 Evocations


You had 5 spell levels left.
You didn't know any spells.
Your spell library contained the following spells:

 Spells                   Type           Power      Damage    Failure   Level
 Ozocubu's Armour         Ice            0%         N/A       100%        3
 Portal Projectile        Hex/Tloc       0%         N/A       100%        3
 Tukima's Dance           Hex            0%         N/A       100%        3
 Iskenderun's Mystic Bla  Conj/Tloc      0%         2d3       100%        4
 Ozocubu's Refrigeration  Ice            0%         4d7       100%        7


Dungeon Overview and Level Annotations

Branches:
Dungeon (4/15)
 Temple: D:4-7

Altars:

Shops:
D:2 =

Annotations:
D:4 1 transporter


Innate Abilities, Weirdness & Mutations

You have a pair of horns on your head.
You reflexively headbutt those who attack you in melee.


Message History

Your surroundings suddenly seem different.
Found a robe.
You see here a +0 robe.
Found a sling.
You now have 299 gold pieces (gained 7).
You see here a +0 sling.
You see here a +0 sling.
You see here a +0 sling.
Items here: )) [ ÷.
Things that are here:
a +0 falchion; an orc skeleton
Things that are here:
a +0 falchion; an orc skeleton
Found a club.
You see here a +0 club.
Partly explored, unvisited transporter.
Partly explored, unvisited transporter.
There is a transporter here.
You enter the transporter and appear at another place.
H - 2 potions of resistance
There are no items here.
You open the gate. You hit the ogre zombie.
The ogre zombie is lightly damaged.
The ogre zombie completely misses you.
You slash the ogre zombie! You headbutt the ogre zombie!
The ogre zombie is heavily damaged.
The gnoll sergeant zombie hits you from afar with a +0 spear of venom.
You are poisoned.
You hit the ogre zombie. You headbutt the ogre zombie.
The ogre zombie is severely damaged.
You feel sick.
The ogre zombie hits you with a +0 giant spiked club of venom!!
Ouch! That really hurt!
You are lethally poisoned!
The orc warrior zombie hits you with a +0 hand axe of venom.
The gnoll sergeant zombie hits you from afar with a +0 spear of venom!
* * * LOW HITPOINT WARNING * * *
You hit the orc warrior zombie.
The orc warrior zombie is lightly damaged.
You die...

#.©.# #...#..# #..
###############..# #..
#○☼○$©?☼○○# #..###..
#☼○☼$$$☼○.# #.....##
#°☼○...○○°### ##.##.##
#°○○°○☼☼○☼#.# #.##.##
#.○☼°°○Z○.#.####)#....
###ZZ'####....)).....
#○°.@.○°##.####......
#○○#.#☼○##.####......
#○.....☼##.#.........
#.○#©#○.##.#.##......
#°°☼○°☼☼##.#.##......
#○.○○☼.○##.#.##......
##########.#†##.#....
#.©..# #.#.##.#####
#....# #.#.##.#


You could see a gnoll sergeant zombie, an orc warrior zombie and an ogre zombie.

Vanquished Creatures
  An ogre (D:4)
  A bullfrog (D:4)
  A hound (D:4)
  4 gnolls (D:3)
  3 adders
  A worm (D:4)
  4 orcs (D:4)
  6 ball pythons
  3 bats
  7 endoplasms
  3 giant cockroaches
  5 goblins
  6 hobgoblins
  9 kobolds
  3 quokkas
  6 frilled lizards
  4 rats
67 creatures vanquished.

Notes
Turn   | Place    | Note
-------+----------+-------------------------------------------
     0 | D:1      | CraigForest the Minotaur Monk began the quest for the Orb.
     0 | D:1      | Reached XP level 1. HP: 19/19 MP: 0/0
   194 | D:1      | Reached XP level 2. HP: 27/27 MP: 1/1
   279 | D:1      | Reached skill level 4 in Long Blades
   425 | D:1      | Found a faded altar of an unknown god.
   983 | D:2      | Reached XP level 3. HP: 33/33 MP: 2/2
  1263 | D:2      | Found Cajeudil's Jewellery Emporium.
  1729 | D:3      | Reached XP level 4. HP: 39/40 MP: 3/3
  2266 | D:4      | Noticed an ogre
  2270 | D:4      | Killed an ogre
  2271 | D:4      | Reached skill level 5 in Long Blades
  2271 | D:4      | Reached skill level 1 in Armour
  2271 | D:4      | Reached XP level 5. HP: 21/47 MP: 4/4
  2704 | D:4      | Reached skill level 6 in Long Blades
  2881 | D:4      | Found a transporter.
  2980 | D:4      | Found a transporter.
  2999 | D:4      | Reached XP level 6. HP: 46/53 MP: 5/5
  3291 | D:4      | Succumbed to an ogre zombie's poison

Illustrated notes

Levels and vault maps discovered:
D:1:      dpeg_arrival_signposts, layout_basic,
          hellmonk_ecumenical_altar_prayer_group, st_stairs_5
D:2:      layout_rooms, serial_shops, shop
D:3:      layout_loops_ring
D:4:      gammafunk_cloud_chamber, layout_basic, guppyfry_early_lair_pool

Skill      XL: |  1  2  3  4  5 |
---------------+----------------+-----
Long Blades    | 4 5 6 |  6.2
Fighting       | 4 |  4.7
Dodging        | 4 |  4.4
Armour         | 1 2 |  2.8
Stealth        | |  0.1
Evocations     | |  0.1

Action                     |  1- 3 |  4- 6 || total
---------------------------+-------+-------++-------
  Melee: Falchion          |    59 |    81 ||   140
         Headbutt          |     7 |    16 ||    23
  Evoke: Wand              |     1 |     1 ||     2
    Use: Scroll            |     1 |     2 ||     3
 Armour: Leather armour    |     4 |       ||     4
         Robe              |     1 |       ||     1
         Ring mail         |     6 |       ||     6
         Chain mail        |     8 |    24 ||    32
  Dodge: Dodged            |    35 |    34 ||    69

Table legend: (Time is in decaauts)
 A = Elapsed time spent in this place.
 B = Non-inter-level travel time spent in this place.
 C = Inter-level travel time spent in this place.
 D = Time resting spent in this place.
 E = Time spent auto-exploring this place.
 F = Levels seen in this place.
 G = Mean time per level.
                   A        B        C        D        E       F      G
               +--------+--------+--------+--------+--------+-----+--------+
         Total |   3297 |   2918 |    379 |    100 |   2383 |   4 |  824.2 |
       Dungeon |   3297 |   2918 |    379 |    100 |   2383 |   4 |  824.2 |
               +--------+--------+--------+--------+--------+-----+--------+

Top non-repeatable levels by time:
     D:4: 1025 daAuts
     D:1: 941 daAuts
     D:3: 766 daAuts
     D:2: 564 daAuts
